 Dungeon Crawl Stone Soup version 0.21-a0-632-g1e37ce5 (webtiles) character file.

60 Gorice the Skirmisher (level 3, 5/29 HPs)
             Began as a Demonspawn Wanderer on Dec 27, 2017.
             Quit the game on level 2 of the Dungeon.
             The game lasted 00:06:45 (2333 turns).

Gorice the Skirmisher (Demonspawn Wanderer)         Turns: 2333, Time: 00:06:45

Health: 5/29       AC: 10    Str: 15 (16) XL:     3   Next: 80%
Magic:  3/3        EV:  6    Int: 13 (15) God:
Gold:   85         SH:  0    Dex: 11 (12) Spells: 2/2 levels left

rFire    + . .     SeeInvis .   c - +0 quarterstaff
rCold    . . .     Gourm    .   (shield currently unavailable)
rNeg     . . .     Faith    .   q - +1 chain mail {rF+}
rPois    .         Spirit   .   (no helmet)
rElec    .         Reflect  .   (no cloak)
rCorr    .         Harm     .   (no gloves)
MR       .....                  (no boots)
Stlth    ..........             (no amulet)
HPRegen  0.09/turn              (no ring)
MPRegen  0.08/turn              (no ring)

@: mighty, lethally poisoned (5 -> -28)
A: rugged brown scales 1, powered by pain 1
a: no special abilities


You were on level 2 of the Dungeon.
You were hungry.

You visited 1 branch of the dungeon, and saw 2 of its levels.

You collected 85 gold pieces.

Inventory:

Hand Weapons
 c - a +0 quarterstaff (weapon)
 d - a +0 short sword
Missiles
 j - 10 bolts
 Y - 38 stones (quivered)
Armour
 e - a +0 robe
 i - a +0 ring mail
 m - a +0 chain mail
 q - a +1 chain mail of fire resistance (worn)
   (You found it on level 1 of the Dungeon)
Scrolls
 a - a scroll of fear {!r}
 b - a scroll of blinking
 g - a scroll of remove curse
 k - a scroll of teleportation {!r}
 l - a scroll of amnesia
Potions
 h - a potion of degeneration {!q}
 n - a potion of flight
Comestibles
 f - 3 rations
 p - 5 chunks of flesh


   Skills:
 - Level 3.0 Fighting
 - Level 2.6 Short Blades
 * Level 2.6 Staves
 + Level 1.4 Armour
 - Level 1.0 Dodging
 - Level 1.0 Stealth
 - Level 1.0 Unarmed Combat
   Level 1.0 Evocations


You had 2 spell levels left.
You didn't know any spells.

Dungeon Overview and Level Annotations

Branches:
Dungeon (2/15)

Altars:

Annotations:
D:2 Robin


Innate Abilities, Weirdness & Mutations

You are partially covered in rugged brown scales. (AC +1, +3% HP)
You sometimes gain a little power by taking damage.


Message History

You hit Robin but do no damage. Robin hits you but does no damage. x2
You hit Robin but do no damage. Robin hits you but does no damage.
You are poisoned.
You hit Robin.
Robin is lightly wounded.
You feel sick. Robin hits you but does no damage.
You are more poisoned.
Damage: 1 (max 2)
You sock Robin!
Robin is severely wounded.
You feel sick. Robin hits you but does no damage.
You are more poisoned.
Damage: 2 (max 2)
You closely miss Robin.
Robin is severely wounded.
You feel sick. Robin hits you with a dagger of venom.
Damage: 4 (max 4)
You hit Robin but do no damage.
Robin is severely wounded.
You feel sick. Robin barely misses you.
Damage: 2 (max 4)
You closely miss Robin.
Robin is severely wounded.
You feel sick. Robin hits you but does no damage.
Robin hits you with a dagger of venom.
* * * LOW HITPOINT WARNING * * *
You are more poisoned.
Damage: 5 (max 5)
* * * LOW HITPOINT WARNING * * *
You feel very sick.
Damage: 3 (max 5)
* * * LOW HITPOINT WARNING * * *
You feel sick.
Damage: 1 (max 5)
* * * LOW HITPOINT WARNING * * *
You feel sick.
Damage: 2 (max 5) It was a potion of degeneration.
There was something very wrong with that liquid.
You feel weakened.
You feel dopey.
You feel clumsy.
* * * LOW HITPOINT WARNING * * *
You feel sick.
Damage: 2 (max 5) It was a potion of might.
You feel very mighty all of a sudden.
* * * LOW HITPOINT WARNING * * *
You feel sick. Robin hits you but does no damage.
You are more poisoned.
Damage: 1 (max 5) Are you sure you want to abandon this character and quit the game? (Confirm with "yes".)

###########.###
#.............#
############.#############
#......g)..#.#....#
#.########)#.#.##.# #.#
#.#.#.##.# ####g#
#.#.#.##.# #....#
#g#....#.#
#....########@###..#.#
#...g#......#.###..#.#
#....#......#........#
###....#......##########
#..............
#.............#
#.............#
##...##)#..g...#
.......>.......#


You could see Robin.

Vanquished Creatures
  2 adders (D:2)
  2 worms (D:2)
  A dart slug (D:1)
  A leopard gecko (D:1)
  3 bats (D:1)
  A giant cockroach (D:1)
  5 hobgoblins
  2 jackals (D:1)
  3 kobolds
  11 goblins
31 creatures vanquished.

Notes
Turn   | Place    | Note
-------+----------+-------------------------------------------
     0 | D:1      | Gorice the Demonspawn Wanderer began the quest for the Orb.
     0 | D:1      | Gorice set off with: a scroll of fear {!r}, a scroll of blinking, a +0 quarterstaff, a +0 short sword, a +0 robe, a ration
     0 | D:1      | Reached XP level 1. HP: 18/18 MP: 1/1
   252 | D:1      | HP: 5/18 [kobold/short sword (5)]
   253 | D:1      | Reached skill level 1 in Staves
   760 | D:1      | Gained mutation: You sometimes gain a little power by taking damage. [demonic ancestry]
   760 | D:1      | Reached XP level 2. HP: 19/24 MP: 2/2
  1444 | D:2      | Noticed Robin
  1576 | D:2      | Reached skill level 2 in Staves
  1576 | D:2      | Reached skill level 1 in Armour
  1576 | D:2      | Gained mutation: You are partially covered in rugged brown scales. (AC +1, +3% HP) [demonic ancestry]
  1576 | D:2      | Reached XP level 3. HP: 19/29 MP: 3/3
  2330 | D:2      | HP: 8/29 [poisoned by Robin]
  2333 | D:2      | Quit the game

Vault maps used:
D:1:      lightli_iron_boxes, minmay_misc_feat_plants, minmay_pentomino_v2
D:2:      nicolae_overflow_hidden_temple, first_ration, uniq_robin, uniq_natasha

Skill      XL: |  1  2 |
---------------+-------+-----
Staves         | 1 2 |  2.6
Armour         | 1 |  1.4
Fighting       | |  3.0
Short Blades   | |  2.6
Dodging        | |  1.0
Stealth        | |  1.0
Unarmed Combat | |  1.0
Evocations     | |  1.0

Action                   || total
-------------------------++-------
Melee: Quarterstaff      ||   124
Throw: Stone             ||     5
  Use: Scroll            ||     6
       Potion            ||     2
  Eat: Chunk             ||     4
Armor: Ring mail         ||    15
       Robe              ||     3
       Chain mail        ||    56
Dodge: Dodged            ||    38

Table legend:
 A = Spawn XP
 B = Non-spawn XP
 C = Spawn XP percentage of total XP
 D = Spawn monster count
 E = Non-spawn monster count
 F = Spawn count percentage of total count
 G = Total turns spent on level
                    A         B        C        D         E        F      G
               +---------+---------+-------+---------+---------+-------+---------
         Total |       0 |      86 |   0.0 |       0 |      31 |   0.0 |  2333
               +---------+---------+-------+---------+---------+-------+---------
           D:1 |       0 |      27 |   0.0 |       0 |      14 |   0.0 |  1534
           D:2 |       0 |      59 |   0.0 |       0 |      17 |   0.0 |   799
               +---------+---------+-------+---------+---------+-------+---------

Table legend:
 A = Turns spent in this place as a percentage of turns spent in the entire game.
 B = Non-inter-level travel turns spent in this place as a percentage of non-inter-level travel turns spent in the entire game.
 C = Inter-level travel turns spent in this place as a percentage of turns spent in this place.
 D = Turns resting spent in this place as a percentage of non-inter-level travel turns spent in this place.
 E = Turns spent auto-exploring this place as a percentage of non-inter-level travel turns spent in this place.
 F = Non-inter-level travel turns spent in this place divided by the number of levels of this place that you've seen.
                   A       B       C       D       E      F
               +-------+-------+-------+-------+-------+----------------------
         Total | 100.0 | 100.0 |   4.5 |  28.0 |  39.7 | 1113.5
       Dungeon | 100.0 | 100.0 |   4.5 |  28.0 |  39.7 | 1113.5
               +-------+-------+-------+-------+-------+----------------------

Vault maps used:
D:1:      lightli_iron_boxes, minmay_misc_feat_plants, minmay_pentomino_v2
D:2:      nicolae_overflow_hidden_temple, first_ration, uniq_robin, uniq_natasha
